 Dungeon Crawl Stone Soup version 0.24-a0-250-g6074511 (webtiles) character file.

Game seed: 1541245634887812195

1417 Lanoc the Slasher (level 8, -1/56 (57) HPs)
             Began as an Octopode Berserker on Apr 14, 2019.
             Was a Priest of Trog.
             Slain by a jackal (3 damage)
             ... on level 6 of the Dungeon.
             The game lasted 00:05:44 (3088 turns).

Lanoc the Slasher (Octopode Berserker)              Turns: 3088, Time: 00:05:46

HP:   -1/56 (57)    AC:  1    Str: 16    XL:     8   Next: 71%
MP:   9/9           EV: 16    Int:  9    God:    Trog [***...]
Gold: 173           SH:  0    Dex: 14    Spells: 7/7 levels left

rFire    . . .     SeeInvis .   a - +0 falchion
rCold    . . .     Gourm    .   (no shield)
rNeg     . . .     Faith    .   (helmet restricted)
rPois    .         Spirit   .   (no amulet)
rElec    .         Reflect  .   (no ring)
rCorr    .         Harm     .   (no ring)
MR       ++...                  (no ring)
Stlth    ++........             (no ring)
HPRegen  1.18/turn              (no ring)
MPRegen  0.11/turn              (no ring)
                                (no ring)
                                (no ring)

@: marked, regenerating
A: almost no armour, stealthy swim, amphibious, 8 rings, constrict 8, camouflage
1, gelatinous body 1
a: Berserk, Trog's Hand, Renounce Religion


You were on level 6 of the Dungeon.
You worshipped Trog.
Trog was most pleased with you.
You were very hungry.

You visited 2 branches of the dungeon, and saw 7 of its levels.

You collected 173 gold pieces.

Inventory:

Hand Weapons
 a - a +0 falchion (weapon)
Jewellery
 v - an uncursed ring of ice
 w - a cursed ring of attention {unknown}
Wands
 g - a wand of polymorph (10)
 r - a wand of clouds (5)
Scrolls
 c - 2 scrolls of identify {unknown}
 d - a scroll of fog {unknown}
 h - 2 scrolls of remove curse
 i - a scroll of enchant armour {unknown}
 k - 2 scrolls of immolation {unknown}
 m - a scroll of blinking {unknown}
 n - 2 scrolls of amnesia {unknown}
 q - 2 scrolls of random uselessness {unknown}
 t - a scroll of teleportation {unknown}
 u - 2 scrolls of noise {unknown}
 y - a scroll of fear {unknown}
Potions
 e - a potion of might
 f - 3 potions of curing {unknown}
 j - a potion of heal wounds {unknown}
 l - 2 potions of agility
 o - 2 potions of degeneration {unknown}
 p - a potion of lignification {unknown}
 s - a potion of flight {unknown}
 x - a potion of mutation {unknown}
 z - a potion of haste {unknown}
Comestibles
 b - 7 rations


   Skills:
 + Level 5.8 Fighting
 * Level 7.8 Long Blades
 + Level 5.8 Dodging
 + Level 2.4 Evocations


You had 7 spell levels left.
You didn't know any spells.
Your spell library was empty.

Dungeon Overview and Level Annotations

Branches:
Dungeon (6/15)             Temple (1/1) D:5

Altars:
Dithmenos
Wu Jian

Shops:
D:4 %   D:5 (

Annotations:
D:6 Grinder


Innate Abilities, Weirdness & Mutations

You cannot wear most types of armour.
You are very stealthy in the water. (Stealth+)
You are amphibious.
You can wear up to eight rings at the same time.
You can use your tentacles to constrict eight enemies at once.
Your skin changes colour to match your surroundings (Stealth+).
Your rubbery body absorbs attacks. (AC +1, EV +1)


Message History

The crimson imp hits you. The jackal bites you. The leopard gecko bites you.
An adder comes into view.
The jackal bites you. Grinder hits you!
* * * LOW HITPOINT WARNING * * *
You writhe in agony.
* * * LOW HITPOINT WARNING * * *
The crimson imp hits you.
* * * LOW HITPOINT WARNING * * *
You can move again.
Okay, then.
Unknown command.
Okay, then.
Your skin crawls.
You feel resistant to hostile enchantments.
You are feeling very hungry.
The leopard gecko barely misses you.
A yak comes into view.
The jackal bites you.
You die...
S Y

.## .. #a #
#h## .# #hl#
..# #.####@#
...#
#...<55##....#
#####?.5.....#
##.......#
#....#.##.#
#.#......
#.####..#). #
#.# . .#


You could see Grinder, a yak, a worker ant, a crimson imp, an adder, a shadow
imp, a leopard gecko and 2 jackals.

Vanquished Creatures
  Pikel (D:4)
  Sigmund (D:5)
  Duvessa (D:4)
  A necrophage (D:5)
  2 centaurs (D:5)
  A howler monkey (D:6)
  A bullfrog zombie (D:5)
  A hound (D:5)
  A bullfrog skeleton (D:5)
  2 orc wizards
  3 worker ants
  7 gnolls
  7 adders
  2 shadow imps (D:5)
  2 oozes
  An adder zombie (D:5)
  A worm (D:2)
  An adder skeleton (D:5)
  4 dart slugs
  2 leopard geckos
  10 orcs
  2 giant cockroaches
  5 goblins
  3 hobgoblins
  A quokka (D:3)
  4 bats
  3 frilled lizards (D:3)
  2 kobolds
  A leopard gecko skeleton (D:5)
  4 rats
77 creatures vanquished.

Vanquished Creatures (others)
  A slave (D:4)
  Dowan (D:4)
  A quokka (D:4)
3 creatures vanquished.

Grand Total: 80 creatures vanquished

Notes
Turn   | Place    | Note
-------+----------+-------------------------------------------
     0 | D:1      | Lanoc the Octopode Berserker began the quest for the Orb.
     0 | D:1      | Reached XP level 1. HP: 16/16 MP: 1/1
    66 | D:1      | Reached XP level 2. HP: 21/21 MP: 2/2
   126 | D:2      | Reached XP level 3. HP: 12/26 MP: 3/3
   533 | D:2      | Found a shadowy altar of Dithmenos.
   739 | D:3      | Reached skill level 4 in Long Blades
   739 | D:3      | Reached XP level 4. HP: 31/31 MP: 4/4
   818 | D:3      | Reached ** piety under Trog
   836 | D:3      | Reached XP level 5. HP: 19/37 MP: 5/5
  1296 | D:4      | Noticed a slave
  1297 | D:4      | Noticed Pikel
  1297 | D:4      | Noticed a slave
  1297 | D:4      | Noticed a slave
  1299 | D:4      | Noticed a slave
  1306 | D:4      | Killed Pikel
  1306 | D:4      | Reached skill level 6 in Long Blades
  1306 | D:4      | Reached XP level 6. HP: 43/45 MP: 6/6
  1306 | D:4      | Reached XP level 7. HP: 47/49 MP: 7/7
  1324 | D:4      | Found an ornate altar of the Wu Jian Council.
  1362 | D:4      | Killed Dowan
  1446 | D:4      | Reached skill level 5 in Fighting
  1446 | D:4      | Reached skill level 5 in Dodging
  1514 | D:4      | Noticed Duvessa
  1522 | D:4      | Killed Duvessa
  1760 | D:4      | Found Abyuneabue's Food Shoppe.
  2058 | D:5      | Entered Level 5 of the Dungeon
  2130 | D:5      | Reached XP level 8. HP: 30/55 MP: 8/8
  2272 | D:5      | Found a staircase to the Ecumenical Temple.
  2278 | Temple   | Entered the Ecumenical Temple
  2285 | D:5      | Found Sast's Weapon Boutique.
  2322 | D:5      | Reached skill level 7 in Long Blades
  2495 | D:5      | Noticed Sigmund
  2501 | D:5      | Reached skill level 1 in Evocations
  2515 | D:5      | Killed Sigmund
  2726 | D:5      | Reached *** piety under Trog
  3081 | D:6      | Noticed Grinder
  3082 | D:6      | Paralysed by Grinder for 5 turns
  3087 | D:6      | HP: 1/56 [crimson imp (3)]
  3088 | D:6      | Noticed a yak
  3088 | D:6      | Slain by a jackal

Levels and vault maps discovered:
D:1:      sevenhm_arrival_forest_fort_small_3, layout_rooms, roderic_lattice_a
D:2:      minmay_spotlight, layout_basic, grunt_dithmenos_smoke, first_ration
D:3:      layout_rooms
D:4:      layout_basic, old_standard_altar, serial_shops,
          nicolae_shop_statue_plus, uniq_duvessa, uniq_pikel
D:5:      minmay_bubble_buster, layout_basic, minmay_temple_entry_overgrown,
          serial_shops, shop, due_unseen_surprise, uniq_sigmund
D:6:      cheibrodos_two_vegetables, layout_rooms, overflow_temple_1_default,
          chequers_serial_rivers_small_b, minmay_misc_feat_roman,
          uniq_blork_the_orc, uniq_grinder
Temple:   nicolae_temple_figure_eight

Skill      XL: |  1  2  3  4  5  6  7  8 |
---------------+-------------------------+-----
Long Blades    | 4 6 7 |  7.8
Fighting       | 4 5 |  5.8
Dodging        | 4 5 |  5.8
Evocations     | 2 |  2.4

Action                   |  1- 3 |  4- 6 |  7- 9 || total
-------------------------+-------+-------+-------++-------
Melee: Falchion          |    32 |    55 |    84 ||   171
       Constrict         |    14 |    19 |    22 ||    55
       Tentacles         |    12 |    14 |    32 ||    58
Invok: Berserk           |     1 |     3 |     4 ||     8
       Trog's Hand       |       |       |     2 ||     2
  Use: Scroll            |       |       |     1 ||     1
 Stab: Sleeping          |     7 |     1 |     2 ||    10
  Eat: Chunk             |       |     4 |     7 ||    11
       Ration            |       |       |     1 ||     1
Armor: Skin              |     4 |     2 |     5 ||    11
Dodge: Dodged            |    18 |    35 |    61 ||   114
       Rpst.: Falchion   |     8 |     9 |    16 ||    33

Table legend:
 A = Non-vault XP
 B = Vault XP
 C = Vault XP percentage of total XP
 D = Non-vault monster count
 E = Vault monster count
 F = Vault count percentage of total count
                 A         B        C        D         E       F
            +---------+---------+-------+---------+---------+-------
      Total |     730 |    1295 |  64.0 |      64 |      13 |  16.9
            +---------+---------+-------+---------+---------+-------
        D:1 |      11 |       0 |   0.0 |       6 |       0 |   0.0
        D:2 |      50 |       0 |   0.0 |      12 |       0 |   0.0
        D:3 |     171 |       0 |   0.0 |      27 |       0 |   0.0
        D:4 |     117 |     770 |  86.8 |      11 |       2 |  15.4
        D:5 |     296 |     525 |  63.9 |       6 |      11 |  64.7
        D:6 |      85 |       0 |   0.0 |       2 |       0 |   0.0
            +---------+---------+-------+---------+---------+-------
